 Dungeon Crawl Stone Soup version 0.21.0 (webtiles) character file.

51 Jinx the Grave Robber (level 3, 0/27 HPs)
             Began as a Demonspawn Necromancer on May 19, 2018.
             Slain by an adder (3 damage)
             ... on level 3 of the Dungeon.
             The game lasted 00:04:20 (1918 turns).

Jinx the Grave Robber (Demonspawn Necromancer)      Turns: 1918, Time: 00:04:20

Health: 0/27       AC:  2    Str:  9    XL:     3   Next: 58%
Magic:  6/6        EV: 12    Int: 16    God:
Gold:   136        SH:  0    Dex: 13    Spells: 5/6 levels left

rFire    . . .     SeeInvis .   (no weapon)
rCold    . . .     Gourm    .   (no shield)
rNeg     . . .     Faith    .   a - +0 robe
rPois    .         Spirit   .   (no helmet)
rElec    .         Reflect  .   (no cloak)
rCorr    .         Harm     .   (no gloves)
MR       .....                  (no boots)
Stlth    ++........             (no amulet)
HPRegen  0.09/turn              (no ring)
MPRegen  0.10/turn              (no ring)

@: no status effects
A: powered by pain 2
a: no special abilities


You were on level 3 of the Dungeon.
You were hungry.

You visited 1 branch of the dungeon, and saw 3 of its levels.

You collected 136 gold pieces.

Inventory:

Hand Weapons
 o - a +0 falchion
Armour
 a - a +0 robe (worn)
Jewellery
 n - an uncursed ring of poison resistance {unknown}
Scrolls
 f - a scroll of immolation {unknown}
 g - 2 scrolls of teleportation {unknown}
 h - a scroll of random uselessness {unknown}
 j - 4 scrolls of remove curse {unknown}
 k - a scroll of identify {unknown}
 m - a scroll of enchant armour {unknown}
Potions
 d - a potion of heal wounds {unknown}
 e - a potion of mutation {unknown}
 i - a potion of ambrosia {unknown}
 l - a potion of might {unknown}
 p - a potion of curing {unknown}
Books
 b - a book of Necromancy

   Spells                             Type                      Level
   a - Pain                           Necromancy                   1
   b - Animate Skeleton               Necromancy                   1
   c - Vampiric Draining              Necromancy                   3
   d - Regeneration                   Charms/Necromancy            3
   e - Animate Dead                   Necromancy                   4
   f - Borgnjor's Vile Clutch         Necromancy/Earth             5
Comestibles
 c - 4 rations
 q - 3 chunks of flesh


   Skills:
 + Level 2.2 Fighting
 - Level 1.7 Dodging
 - Level 1.7 Stealth
 - Level 2.0 Spellcasting
 + Level 5.2 Necromancy


You had 5 spell levels left.
You knew the following spells:

 Your Spells              Type           Power        Failure   Level  Hunger
a - Pain                  Necr           ###.         2%          1    #......


Dungeon Overview and Level Annotations

Branches:
Dungeon (3/15)

Altars:

Annotations:
D:3 Capnfrog's ghost, amateur FeTm


Innate Abilities, Weirdness & Mutations

You sometimes gain power by taking damage.


Message History

An adder comes into view.
The adder hisses angrily.
You see here a hobgoblin corpse.
You butcher the hobgoblin corpse.
Things that are here:
3 chunks of flesh; a hobgoblin skeleton
q - 3 chunks of flesh Capnfrog's ghost barely misses you.
Capnfrog's ghost misses you.
There is a stone staircase leading up here.
Capnfrog's ghost shouts, "You will join me soon!"
Capnfrog's ghost hits you!
Ouch! That really hurt!
You focus on the pain.
You feel your power returning. The adder bites you.
* * * LOW HITPOINT WARNING * * *
Capnfrog's ghost hits you.
* * * LOW HITPOINT WARNING * * *
The adder bites you.
You die...

..# ... ..#..#
###### ..#..?
##.....##
#.....##.......#
#.....#.........
................
#...@........ .
###.WS...)...
....###.........
#......รท).......
#.##..#.........
##.#.!....... #
#.........
#.........
..........


You could see Capnfrog's ghost and an adder.

Vanquished Creatures
  An adder (D:2)
  A gnoll (D:1)
  An ooze (D:2)
  A dart slug (D:1)
  An orc (D:3)
  6 goblins
  4 hobgoblins
  3 kobolds (D:1)
  2 bats
  2 frilled lizards
  3 rats
25 creatures vanquished.

Notes
Turn   | Place    | Note
-------+----------+-------------------------------------------
     0 | D:1      | Jinx the Demonspawn Necromancer began the quest for the Orb.
     0 | D:1      | Reached XP level 1. HP: 13/13 MP: 3/3
   207 | D:1      | Reached skill level 1 in Fighting
   450 | D:1      | Gained mutation: You sometimes gain a little power by taking damage. [demonic ancestry]
   450 | D:1      | Reached XP level 2. HP: 21/21 MP: 3/5
  1142 | D:2      | Reached skill level 5 in Necromancy
  1142 | D:2      | Gained mutation: You sometimes gain power by taking damage. [demonic ancestry]
  1142 | D:2      | Reached XP level 3. HP: 27/27 MP: 4/6
  1907 | D:3      | Noticed Capnfrog's ghost (amateur FeTm)
  1918 | D:3      | Slain by an adder

Skill      XL: |  1  2  3 |
---------------+----------+-----
Fighting       | 1 2 |  2.2
Necromancy     | 5 |  5.2
Dodging        | |  1.7
Stealth        | |  1.7
Spellcasting   | |  2.0

Action                   || total
-------------------------++-------
Melee: Unarmed           ||     8
 Cast: Pain              ||    45
  Eat: Chunk             ||     3
Armor: Robe              ||     2
Dodge: Dodged            ||     7
